 Dungeon Crawl Stone Soup version 0.29.1-2-gbd0b4ee654 (webtiles) character file.

Game seed: 1431958060775510386

121 xian the Trooper (level 4, -2/37 HPs)
             Began as a Demonspawn Abyssal Knight on Nov 19, 2022.
             Was a Believer of Lugonu.
             Slain by Ijyb
             ... wielding a +0 club
              (5 damage)
             ... on level 3 of the Dungeon.
             The game lasted 00:04:57 (3820 turns).

xian the Trooper (Demonspawn Abyssal Knight)        Turns: 3820, Time: 00:04:58

Health: -2/37      AC:  4    Str: 15    XL:     4   Next: 77%
Magic:  6/6        EV: 12    Int: 11    God:    Lugonu [**....]
Gold:   128        SH:  0    Dex: 14    Spells: 3/3 levels left

rFire   . . .      SeeInvis .   i - +2 dagger (flame)
rCold   . . .      Faith    .   (no shield)
rNeg    . . .      Spirit   .   b - +0 leather armour
rPois   .          Reflect  .   (no helmet)
rElec   .          Harm     .   (no cloak)
rCorr   .          Rampage  .   q - +0 pair of gloves
Will    .....                   (no boots)
Stlth   +.........              (no amulet)
HPRegen 0.12/turn               (no ring)
MPRegen 0.20/turn               (no ring)

@: mighty
A: powered by pain 1, magic regeneration
a: Renounce Religion, Depart the Abyss, Bend Space


You were on level 3 of the Dungeon.
You worshipped Lugonu.
Lugonu was pleased with you.
You visited 1 branch of the dungeon, and saw 3 of its levels.
You visited the Abyss 1 time.

You collected 128 gold pieces.

Inventory:

Hand Weapons
 i - a +2 dagger of flaming (weapon)
Armour
 b - a +0 leather armour (worn)
 q - a +0 pair of gloves (worn)
Magical Staves
 l - a staff of poison
Scrolls
 c - 4 scrolls of identify {unknown}
 d - a scroll of enchant armour {unknown}
 e - 2 scrolls of teleportation {unknown}
 j - a scroll of blinking {unknown}
 n - a scroll of butterflies {unknown}
 p - a scroll of magic mapping {unknown}
Potions
 a - a potion of haste {unknown}
 f - a potion of resistance {unknown}
 g - a potion of ambrosia {unknown}
 h - a potion of lignification {unknown}
 k - a potion of degeneration {unknown}
 m - a potion of attraction {unknown}
 o - a potion of berserk rage {unknown}


   Skills:
 + Level 3.8 Fighting
 + Level 2.9 Short Blades
 + Level 2.2 Armour
 + Level 1.8 Dodging
 + Level 0.2 Stealth
 * Level 3.2 Invocations


You had 3 spell levels left.
You didn't know any spells.
Your spell library contained the following spells:

 Spells                   Type           Power      Damage    Failure   Level
 Slow                     Hex            0%         N/A       41%         1
 Confusing Touch          Hex            0%         N/A       78%         3
 Vampiric Draining        Necr           0%         2d6       78%         3


Dungeon Overview and Level Annotations

Branches:
Dungeon (3/15)

Altars:

Annotations:
D:3 Ijyb


Innate Abilities, Weirdness & Mutations

You sometimes gain a little power by taking damage.
You regenerate magic rapidly.


Message History

Found a stone staircase leading up.
Found an escape hatch in the ceiling.
Found a pair of gloves.
An orc comes into view. It is wielding a +0 club.
The orc shouts!
You barely miss the orc. The orc misses you.
You hit the orc. You burn the orc.
The orc is heavily wounded.
The orc barely misses you.
You barely miss the orc.
The orc is heavily wounded.
The orc barely misses you.
You hit the orc. You burn the orc.
You kill the orc!
Lugonu accepts your kill.
You see here a +0 club.
You see here a +0 club.
You see here a +0 pair of gloves.
q - a +0 pair of gloves You start putting on your armour.
You continue putting on your +0 pair of gloves. x4
You finish putting on your +0 pair of gloves.
Ijyb the Twisted Goblin comes into view.
She is wielding a +0 club and carrying a wand of quicksilver (5).
Ijyb shouts!
Ijyb barely misses you.
You closely miss Ijyb. You hit Ijyb but do no damage. Ijyb closely misses you.
You barely miss Ijyb.
Ijyb zaps a wand.
The bolt of dispelling energy hits you!
You hit Ijyb. You burn Ijyb. You punch Ijyb.
Ijyb is moderately wounded.
Ijyb zaps a wand.
The bolt of dispelling energy hits you!!
Ouch! That really hurt!
* * * LOW HITPOINT WARNING * * *
You focus on the pain.
You feel very mighty all of a sudden.
You miss Ijyb.
Ijyb is moderately wounded.
Ijyb hits you with a +0 club.
You die...

#.# #.#
#.#
####.##
#...#.#
#.##.## #.
#.#
#####.##.#
#....g@..#
######
#.###.####
#....) #.
#.#### #.
#. #. #.
#.


You could see Ijyb.

Vanquished Creatures
  2 orc wizards
  An adder (D:2)
  A worm (D:2)
  A dart slug (D:2)
  3 orcs (D:3)
  6 endoplasms
  A giant cockroach (D:3)
  2 hobgoblins
  7 quokkas
  2 ball pythons (D:1)
  8 bats
  A frilled lizard (D:1)
  8 goblins
  4 kobolds (D:1)
  6 rats
53 creatures vanquished.

Notes
Turn   | Place    | Note
-------+----------+-------------------------------------------
     0 | Abyss:1  | xian the Demonspawn Abyssal Knight began the quest for the
                  | Orb.
     0 | Abyss:1  | Reached XP level 1. HP: 18/18 MP: 2/2
    54 | Abyss:1  | Noticed an ice devil
    55 | Abyss:1  | Noticed a ynoxinul
    57 | D:1      | Escaped the Abyss
   985 | D:1      | Gained mutation: You regenerate magic rapidly. [demonic
                  | ancestry]
   985 | D:1      | Reached XP level 2. HP: 17/24 MP: 3/3
  1411 | D:1      | Found a faded altar of an unknown god.
  1642 | D:1      | Reached skill level 1 in Dodging
  2201 | D:2      | Reached XP level 3. HP: 26/30 MP: 4/4
  2952 | D:3      | Gained mutation: You sometimes gain a little power by
                  | taking damage. [demonic ancestry]
  2952 | D:3      | Reached XP level 4. HP: 32/37 MP: 6/6
  3813 | D:3      | Noticed Ijyb
  3820 | D:3      | Slain by Ijyb

Illustrated notes

Levels and vault maps discovered:
D:1:      amcnicky_arrival_flooded_fountain, layout_basic,
          shapermc_ecumenical_altar_acropolis, serial_corexii_hall,
          corexii_hall_statues_deadend, chequers_hall_statues_y
D:2:      layout_basic
D:3:      layout_loops_ring, lemuel_doored_altar, uniq_ijyb

Skill      XL: |  1  2  3  4 |
---------------+-------------+-----
Short Blades   | 2 |  2.9
Dodging        | 1 |  1.8
Armour         | 2 |  2.2
Invocations    | 3 |  3.2
Fighting       | |  3.8
Stealth        | |  0.2

Action                   |  1- 3 |  4- 6 || total
-------------------------+-------+-------++-------
Melee: Short sword       |   125 |       ||   125
       Punch             |     2 |     3 ||     5
       Dagger            |    45 |    41 ||    86
Invok: Depart the Abyss  |     1 |       ||     1
Armor: Leather armour    |    47 |     5 ||    52
Dodge: Dodged            |   118 |    22 ||   140
